 Dungeon Crawl Stone Soup version 0.29.1-12-g30fa7ad0bf (webtiles) character file.

Game seed: 12267599718380492837

549 Oxelix the Carver (level 7, -4/57 HPs)
             Began as a Minotaur Berserker on Jan 4, 2023.
             Was a Believer of Trog.
             Slain by Pikel
             ... wielding a +1 whip of freezing
              (9 damage)
             ... on level 4 of the Dungeon.
             The game lasted 00:07:23 (3978 turns).

Oxelix the Carver (Minotaur Berserker)              Turns: 3978, Time: 00:07:23

Health: -4/57      AC:  3    Str: 25    XL:     7   Next: 7%
Magic:  6/6        EV: 11    Int:  4    God:    Trog [**....]
Gold:   134        SH:  3    Dex: 10    Spells: 6/6 levels left

rFire   . . .      SeeInvis .   a - +0 falchion
rCold   + . .      Faith    .   j - +0 buckler
rNeg    . . .      Spirit   .   n - +0 leather armour of Pyhoxi {Harm rElec rC+ Str+2}
rPois   .          Reflect  .   (helmet restricted)
rElec   +          Harm     +   (no cloak)
rCorr   .          Rampage  .   (no gloves)
Will    .....                   (no boots)
Stlth   +.........              (no amulet)
HPRegen 0.19/turn               (no ring)
MPRegen 0.10/turn               (no ring)

@: on berserk cooldown, slowed, very slow
A: horns 2, retaliatory headbutt
a: Renounce Religion, Berserk, Trog's Hand


You were on level 4 of the Dungeon.
You worshipped Trog.
Trog was pleased with you.
You visited 1 branch of the dungeon, and saw 4 of its levels.
You also visited: Sewer.

You collected 134 gold pieces.

Inventory:

Hand Weapons
 a - a +0 falchion (weapon)
Armour
 b - a +0 animal skin
 j - a +0 buckler (worn)
 n - the +0 leather armour of Pyhoxi (worn) {Harm rElec rC+ Str+2}
   (You found it on level 2 of the Dungeon)

   Str:       It affects your strength (+2).
   rC:        It protects you from cold.
   rElec:     It insulates you from electricity.
   Harm:      It increases damage dealt and taken.
Wands
 m - a wand of polymorph (8)
Scrolls
 c - 4 scrolls of identify {unknown}
 e - a scroll of magic mapping {unknown}
 g - a scroll of butterflies {unknown}
 i - a scroll of vulnerability {unknown}
 p - 3 scrolls of teleportation {unknown}
 q - a scroll of fear {unknown}
 r - a scroll of amnesia {unknown}
Potions
 d - 3 potions of curing
 f - 5 potions of flight
 h - 3 potions of magic {unknown}
 k - a potion of lignification {unknown}
 l - a potion of resistance {unknown}
 o - a potion of heal wounds {unknown}
 s - a potion of mutation {unknown}


   Skills:
 - Level 3.6 Fighting
 * Level 9.8 Long Blades
 - Level 2.4 Armour
 - Level 2.1 Dodging


You had 6 spell levels left.
You didn't know any spells.
Your spell library was empty.

Dungeon Overview and Level Annotations

Branches:
Dungeon (4/15)              Sewer (visited)
 Temple: D:4-7

Altars:
Uskayaw

Annotations:
D:4 Pikel


Innate Abilities, Weirdness & Mutations

You have a pair of horns on your head.
You reflexively headbutt those who attack you in melee.


Message History

The lemure hits you.
A red film seems to cover your vision as you go berserk!
You feel yourself moving faster!
You feel mighty! The orc hits you with a +0 dagger.
You closely miss the orc.
A lemure comes into view.
The orc hits you with a +0 dagger. The lemure hits you. The lemure hits you!
The lemure shouts!
You slash the orc!
You kill the orc!
Trog accepts your kill.
You barely miss the lemure.
The lemure is heavily wounded.
The lemure hits you but does no damage. x2
You hit the lemure.
The lemure is severely wounded.
You miss the lemure.
The lemure is severely wounded.
Something hits you! Something freezes you. The lemure hits you. x2
You hit the lemure but do no damage.
The lemure is severely wounded.
Something hits you! Something freezes you.
* * * LOW HITPOINT WARNING * * *
The lemure hits you but does no damage. The lemure hits you!
* * * LOW HITPOINT WARNING * * *
You slash the lemure!
You kill the lemure!
That felt strangely unrewarding.
You feel a strong urge to attack something.
You are no longer berserk.
You are exhausted.
You feel yourself slow down. Something hits you.
* * * LOW HITPOINT WARNING * * *
Something freezes you.
* * * LOW HITPOINT WARNING * * *
Something completely misses you. The lemure attacks as you move away!
The lemure barely misses you. Something hits you!
You die...

....... #..## .......
#....# .......[###.....
.. #.5..#..... ...
###)...# .#### ....
#....# ....
#....####5#.##....#
#......{.#..#.##.
..#>.@5.##..# .##
##........##..#
#....#..#....#
#......#.#.....#######
#........##...##~~.~.~
...............#~######
................#รท#~~~~#
...............##.#.###.
........(...#~#~#.#~


You could see 2 lemures.

Vanquished Creatures
  Sigmund (D:2)
  Duvessa (D:4)
  A lemure (D:4)
  A kobold brigand (Sewer)
  Dowan (D:4)
  An orc priest (D:3)
  An iguana (D:2)
  2 adders
  A river rat (D:4)
  A worm (D:4)
  4 dart slugs
  5 orcs
  7 ball pythons
  6 endoplasms
  6 giant cockroaches
  10 hobgoblins
  A jackal (Sewer)
  2 quokkas (D:4)
  4 bats
  4 frilled lizards
  9 goblins
  8 kobolds
  9 rats
86 creatures vanquished.

Vanquished Creatures (others)
  A fungus (D:1)
  2 plants (D:1)
3 creatures vanquished.

Grand Total: 89 creatures vanquished

Notes
Turn   | Place    | Note
-------+----------+-------------------------------------------
     0 | D:1      | Oxelix the Minotaur Berserker began the quest for the Orb.
     0 | D:1      | Reached XP level 1. HP: 19/19 MP: 0/0
   102 | D:1      | Reached skill level 4 in Long Blades
   130 | D:1      | Reached XP level 2. HP: 26/26 MP: 1/1
   482 | D:1      | Found a faded altar of an unknown god.
   543 | D:1      | Reached skill level 5 in Long Blades
   953 | D:1      | Reached XP level 3. HP: 28/31 MP: 2/2
  1190 | D:2      | Noticed Sigmund
  1198 | D:2      | Killed Sigmund
  1199 | D:2      | Reached skill level 7 in Long Blades
  1199 | D:2      | Reached XP level 4. HP: 39/39 MP: 3/3
  1199 | D:2      | Reached XP level 5. HP: 45/45 MP: 4/4
  1284 | D:2      | Identified the +0 leather armour of Pyhoxi {Harm rElec rC+
                  | Str+2}
  2279 | D:3      | Reached skill level 8 in Long Blades
  2300 | D:3      | Reached ** piety under Trog
  2517 | D:3      | Reached XP level 6. HP: 51/51 MP: 5/5
  2588 | D:3      | Noticed a +0 hand axe
  2588 | D:3      | Noticed a +0 dagger
  2589 | D:3      | Found a hide-covered altar of Uskayaw.
  3122 | D:4      | Noticed Dowan
  3122 | D:4      | Noticed Duvessa
  3150 | D:4      | Killed Dowan
  3240 | D:4      | Found a glowing drain.
  3244 | Sewer    | Entered a sewer
  3416 | Sewer    | Reached skill level 9 in Long Blades
  3577 | Sewer    | Found a white marble altar of Elyvilon.
  3680 | D:4      | Killed Duvessa
  3681 | D:4      | Reached XP level 7. HP: 11/57 MP: 6/6
  3957 | D:4      | Noticed Pikel
  3978 | D:4      | Slain by Pikel

Illustrated notes

Levels and vault maps discovered:
D:1:      spicycebolla_green_bress_n_ham, layout_rooms,
          shapermc_ecumenical_altar_rom_forum, minmay_tetromino_l2
D:2:      layout_basic, uniq_sigmund
D:3:      layout_loops_ring, dancing_weapons_uskayaw
D:4:      layout_cave_pools, amcnicky_altar_gilded, kennysheep_little_box,
          gup_sewer_entry_spiral, uniq_duvessa, uniq_pikel, uniq_blork_the_orc

Skill      XL: |  1  2  3  4  5  6 |
---------------+-------------------+-----
Long Blades    | 4 5 7 8 9 |  9.8
Fighting       | |  3.6
Armour         | |  2.4
Dodging        | |  2.1

Action                   |  1- 3 |  4- 6 |  7- 9 || total
-------------------------+-------+-------+-------++-------
Melee: Short sword       |    39 |       |       ||    39
       Headbutt          |    11 |    18 |     1 ||    30
       Falchion          |    31 |   137 |    12 ||   180
       Punch             |     1 |       |       ||     1
Invok: Berserk           |     1 |     2 |     1 ||     4
 Stab: Sleeping          |     1 |       |       ||     1
Armor: Animal skin       |    11 |       |       ||    11
       Leather armour    |       |    24 |     3 ||    27
Dodge: Dodged            |    37 |    73 |     4 ||   114
Block: Buckler           |     1 |    12 |     2 ||    15
